 Dungeon Crawl Stone Soup version 0.28-a0-793-g31680bbd8b (webtiles) character file.

Game seed: 8785506558926449545

17558 Essalna the Destroyer (level 12, -29/72 HPs)
             Began as a Gargoyle Fire Elementalist on Nov 4, 2021.
             Was a High Priest of Vehumet.
             Annihilated by a two-headed ogre (43 damage)
             ... on level 1 of the Orcish Mines.
             The game lasted 00:25:55 (14266 turns).

Essalna the Destroyer (Gargoyle Fire Elementalist) Turns: 14266, Time: 00:25:55

Health: -29/72     AC: 18    Str: 12    XL:     12   Next: 49%
Magic:  42/42      EV: 13    Int: 21    God:    Vehumet [*****.]
Gold:   1064       SH:  4    Dex: 10    Spells: 16/28 levels left

rFire   . . .      SeeInvis .   b - staff of conjuration
rCold   . . .      Faith    .   O - +0 buckler
rNeg    + . .      Spirit   .   v - +0 troll leather armour
rPois   ∞          Reflect  .   (no helmet)
rElec   +          Harm     .   P - +0 cloak
rCorr   .          Rampage  .   o - +0 pair of gloves
Will    .....                   B - +0 pair of boots
Stlth   ++........              (no amulet)
HPRegen 1.22/turn               x - ring of magical power
MPRegen 0.28/turn               N - ring of magical power

@: silenced
A: sickness immunity, AC +8, negative energy resistance 1, electricity
resistance, torment resistance 1, petrification resistance
a: Renounce Religion


You were on level 1 of the Orcish Mines.
You worshipped Vehumet.
Vehumet was extremely pleased with you.
You visited 3 branches of the dungeon, and saw 13 of its levels.

You collected 1064 gold pieces.

Inventory:

Hand Weapons
 D - the +2 flail of the Old World {pain, Int+2}
   (You found it on level 6 of the Dungeon)

   In the hands of one skilled in necromantic magic, it inflicts extra damage on
   living creatures.
   Int:       It affects your intelligence (+2).
Armour
 a - a +0 robe
 o - a +0 pair of gloves (worn)
 v - a +0 troll leather armour (worn)
 y - a +2 kite shield of reflection
 B - a +0 pair of boots (worn)
 O - a +0 buckler (worn)
 P - a +0 cloak (worn)
Magical Staves
 b - a staff of conjuration (weapon)
Jewellery
 x - a ring of magical power (left hand)
 C - a ring of positive energy
 E - a ring of wizardry
 F - an amulet of faith
 N - a ring of magical power (right hand)
Wands
 u - a wand of iceblast (33)
 A - a wand of flame (21)
 J - a wand of digging (5)
 M - a wand of paralysis (23)
Scrolls
 c - 4 scrolls of teleportation {unknown}
 e - 3 scrolls of enchant armour {unknown}
 g - 6 scrolls of identify {unknown}
 h - a scroll of blinking {unknown}
 i - a scroll of immolation {unknown}
 k - a scroll of holy word {unknown}
 m - a scroll of acquirement {unknown}
 s - 2 scrolls of enchant weapon {unknown}
 w - 2 scrolls of amnesia {unknown}
 G - a scroll of silence {unknown}
 K - 2 scrolls of vulnerability {unknown}
Potions
 d - 3 potions of ambrosia {unknown}
 f - a potion of cancellation {unknown}
 j - 3 potions of haste {unknown}
 l - 2 potions of magic {unknown}
 n - 5 potions of curing
 p - a potion of mutation {unknown}
 q - 2 potions of berserk rage
 r - a potion of flight {unknown}
 t - a potion of degeneration {unknown}
 z - 2 potions of attraction {unknown}
 H - 2 potions of lignification {unknown}
 I - 2 potions of heal wounds {unknown}
 L - a potion of might {unknown}


   Skills:
 + Level 7.2 Fighting
 + Level 7.1 Armour
 + Level 5.8 Dodging
 - Level 2.1 Stealth
 + Level 4.3 Shields
 + Level 8.9 Spellcasting
 + Level 10.3 Conjurations
 + Level 9.9 Fire Magic


You had 16 spell levels left.
You knew the following spells:

 Your Spells              Type           Power      Damage    Failure   Level
a - Foxfire               Conj/Fire      100%       2x1d9     1%          1
b - Scorch                Fire           100%       2d10      1%          2
c - Flame Wave            Conj/Fire      67%        3d12      1%          4
d - Fireball              Conj/Fire      33%        3d14      1%          5

Your spell library contained the following spells:

 Spells                   Type           Power      Damage    Failure   Level
 Olgreb's Toxic Radiance  Pois           9%         N/A       22%         4
 Shock                    Conj/Air       100%       1d9       1%          1
 Conjure Flame            Conj/Fire      67%        6-21      1%          3
 Inner Flame              Hex/Fire       30%        N/A       1%          3
 Animate Skeleton         Necr           18%        N/A       9%          1
 Apportation              Tloc           18%        N/A       9%          1
 Summon Small Mammal      Summ           36%        N/A       9%          1
 Airstrike                Air            4%         N/A       22%         4
 Swiftness                Air            9%         N/A       26%         3


Dungeon Overview and Level Annotations

Branches:
Dungeon (10/15)            Temple (1/1) D:4             Orc (2/2) D:10
   Lair: D:8-11         Elf: Orc:2

Altars:
Ashenzari
Cheibriados
Dithmenos
Elyvilon
Fedhas
Gozag
Hepliaklqana
Kikubaaqudgha
Makhleb
Nemelex Xobeh
Okawaru
Qazlal
Ru
Sif Muna
Trog
Uskayaw
Vehumet
Wu Jian
Xom
Yredelemnul
Zin
The Shining One
Beogh

Shops:
D:4 *   Orc:1 *

Annotations:
D:3 2 transporters, Avanven's ghost, amateur TrMo
Orc:1 1 transporter, 1 runed translucent door


Innate Abilities, Weirdness & Mutations

You are immune to sickness and miasma.
Your stone body is resilient. (AC +8)
You are immune to poison.
You resist negative energy. (rN+)
You are resistant to electric shocks. (rElec)
You are resistant to unholy torment.
You are immune to petrification.


Message History

Magic scrolls do not work when you're silenced!
Okay, then.
You open the large door.
Found a human skeleton.
A moth of wrath and a troll come into view.
Found 55 gold pieces.
The moth of wrath's fur bristles in rage as it notices you. x2
There is a large open door here.
You open the large door.
Found a human skeleton.
A moth of wrath and a two-headed ogre come into view.
Found 4 gold pieces.
The moth of wrath's fur bristles in rage as it notices you. x2
The two-headed ogre moves out of view.
There is a large open door here.
The moth of wrath goads something on!
An orc knight comes into view. It is wielding a +0 battleaxe.
The moth of wrath's fur bristles in rage as it notices you.
The two-headed ogre closely misses you. x3
The two-headed ogre barely misses you. The two-headed ogre barely misses you.
The two-headed ogre hits you with a +0 giant spiked club.
An orc knight and a two-headed ogre come into view.
The orc knight completely misses you.
The orc knight hits you with a +0 battleaxe.
A moth of wrath comes into view.
Found a human skeleton.
The moth of wrath's fur bristles in rage as it notices you.
The two-headed ogre hits you with a +0 giant club.
The two-headed ogre hits you with a +0 giant spiked club!
The moth of wrath goads the two-headed ogre on!
The two-headed ogre goes berserk!
The two-headed ogre hits you with a +0 giant club!!
The two-headed ogre completely misses you.
The two-headed ogre hits you with a +0 giant club! x2
* * * LOW HITPOINT WARNING * * *
The orc knight closely misses you. The two-headed ogre barely misses you.
The two-headed ogre hits you with a +0 giant spiked club!!!
Ouch! That really hurt!
You die... #### ##..# ######### #..^. #eeeey#○#

##..# #############
#.... #y#.........##
#...# ###....o.....##
##..#
#○#..OoO###...#######...
###....@#y#...#y#.......
#...$$####''###.......
.##..$?[###...##........
©##..$)_+W#..©##©.......
.##..[[:###...##........
.##...$$####''###.......
#....$#y#...#y#.......
#..⌠..###...######.... .
.T ...## #.##.


You could see 2 orc knights, a deep elf elementalist (repels missiles), 2
two-headed ogres, 3 moths of wrath, a silent spectre (silencing) and 2 deep elf
zephyrmancers.

Vanquished Creatures
  An orc warlord (Orc:2)
  3 two-headed ogres (D:10)
  The ghost of fly the Cruncher, a novice FoDe of Uskayaw (D:8)
  An orc high priest (Orc:1)
  Pikel (D:8)
  2 orc sorcerers
  2 orc knights (Orc:2)
  A cyclops (Orc:2)
  Joseph (D:9)
  2 kobold demonologists (D:9)
  4 trolls
  A shadow (D:9)
  9 yaks
  A wyvern (D:8)
  2 steam dragons
  3 wargs (Orc:2)
  A water moccasin (D:9)
  A sky beast (D:7)
  21 orc warriors
  A hornet zombie (D:6)
  5 ogres
  5 centaurs
  4 lemures (D:8)
  A phantom (D:6)
  5 kobold brigands
  3 gnoll sergeants
  2 scorpions
  8 bullfrogs
  A wyvern zombie (D:7)
  6 killer bees (D:9)
  A water moccasin skeleton (D:4)
  An electric eel (D:10)
  22 wights
  2 howler monkeys (D:6)
  A spectral centaur (D:8)
  3 centaur zombies
  2 jellies
  A bullfrog skeleton (D:6)
  2 hounds
  2 gnoll shamans
  18 orc priests
  A centaur skeleton (D:4)
  3 iguanas
  15 orc wizards
  A spectral killer bee (D:8)
  A killer bee zombie (D:8)
  A spectral howler monkey (D:8)
  2 howler monkey zombies
  7 adders
  20 gnolls
  2 shadow imps
  A white imp (D:5)
  An ufetubus (D:7)
  2 adder skeletons (D:4)
  A worm (D:2)
  2 dart slugs
  50 orcs
  7 bats
  5 endoplasms
  6 giant cockroaches
  2 goblins
  7 hobgoblins
  4 jackals (D:2)
  23 kobolds
  5 quokkas
  5 ball pythons
  2 frilled lizards (D:2)
  11 rats
341 creatures vanquished.

Vanquished Creatures (collateral kills)
  16 foxfires (D:4)
16 creatures vanquished.

Vanquished Creatures (others)
  An orc (D:6)
  1220 foxfires
  2 plants (D:4)
1223 creatures vanquished.

Grand Total: 1580 creatures vanquished

Notes
Turn   | Place    | Note
-------+----------+-------------------------------------------
     0 | D:1      | Essalna the Gargoyle Fire Elementalist began the quest for
                  | the Orb.
     0 | D:1      | Reached XP level 1. HP: 10/10 MP: 3/3
   323 | D:1      | Found a faded altar of an unknown god.
   385 | D:1      | Reached XP level 2. HP: 15/15 MP: 0/5
   766 | D:1      | Reached XP level 3. HP: 16/19 MP: 1/6
   833 | D:1      | Reached skill level 2 in Conjurations
  1507 | D:2      | Learned a level 2 spell: Scorch
  1693 | D:2      | Reached XP level 4. HP: 22/24 MP: 3/8
  2514 | D:3      | Found a transporter.
  2514 | D:3      | Noticed Avanven's ghost (amateur TrMo)
  2696 | D:3      | Found a transporter.
  2942 | D:4      | Found a staircase to the Ecumenical Temple.
  2948 | D:4      | Noticed a scorpion
  2957 | Temple   | Entered the Ecumenical Temple
  2989 | Temple   | Killed a scorpion
  2990 | Temple   | Reached skill level 3 in Conjurations
  2990 | Temple   | Reached XP level 5. HP: 2/28 MP: 0/9
  3022 | Temple   | Became a worshipper of Vehumet
  3493 | D:4      | Reached XP level 6. HP: 32/32 MP: 4/11
  3925 | D:4      | Reached skill level 4 in Conjurations
  4091 | D:4      | Found Zin's Purification Station.
  4096 | D:4      | Found a glowing silver altar of Zin.
  4318 | D:5      | Entered Level 5 of the Dungeon
  4739 | D:5      | Reached skill level 5 in Fire Magic
  4739 | D:5      | Reached XP level 7. HP: 36/36 MP: 8/13
  5167 | D:5      | Learned a level 4 spell: Flame Wave
  5363 | D:6      | Reached * piety under Vehumet
  5363 | D:6      | Offered knowledge of Freeze by Vehumet.
  5364 | D:6      | Reached skill level 5 in Conjurations
  5798 | D:5      | Reached skill level 5 in Spellcasting
  5798 | D:5      | Reached XP level 8. HP: 41/41 MP: 6/15
  6103 | D:6      | Reached skill level 6 in Conjurations
  6231 | D:6      | Identified the +2 flail of the Old World {pain, Int+2}
  6776 | D:6      | Reached skill level 7 in Conjurations
  6776 | D:6      | Reached XP level 9. HP: 43/45 MP: 18/18
  7479 | D:7      | Found a hide-covered altar of Uskayaw.
  7715 | D:7      | Reached ** piety under Vehumet
  7715 | D:7      | Offered knowledge of Sandblast by Vehumet.
  7716 | D:7      | Reached skill level 1 in Fighting
  7716 | D:7      | Reached skill level 1 in Armour
  8332 | D:8      | Offered knowledge of Ignite Poison by Vehumet.
  8463 | D:8      | Found a runed translucent gate.
  8463 | D:8      | Found a runed translucent gate.
  8463 | D:8      | Found a runed translucent gate.
  8589 | D:8      | Reached *** piety under Vehumet
  8678 | D:8      | Reached skill level 8 in Conjurations
  8678 | D:8      | Reached XP level 10. HP: 56/56 MP: 19/20
  9333 | D:8      | Found a sacrificial altar of Ru.
  9336 | D:8      | Found a shimmering blue altar of Sif Muna.
  9339 | D:8      | Found a stormy altar of Qazlal.
  9339 | D:8      | Noticed Pikel
  9345 | D:8      | Killed Pikel
  9404 | D:8      | Found a bloodstained altar of Trog.
  9519 | D:8      | Noticed fly's ghost (novice FoDe)
  9527 | D:8      | Killed fly's ghost
  9623 | D:9      | Offered knowledge of Hailstorm by Vehumet.
  9714 | D:9      | Found a blossoming altar of Fedhas.
 10184 | D:9      | Reached skill level 9 in Conjurations
 10216 | D:9      | Noticed Joseph
 10284 | D:10     | Entered Level 10 of the Dungeon
 10290 | D:10     | Reached **** piety under Vehumet
 10291 | D:10     | Reached skill level 5 in Fighting
 10293 | D:10     | Offered knowledge of Fireball by Vehumet.
 10294 | D:10     | Reached XP level 11. HP: 49/63 MP: 21/22
 10298 | D:10     | Reached skill level 5 in Armour
 10444 | D:10     | Found a staircase to the Orcish Mines.
 10608 | D:10     | Noticed a two-headed ogre
 10614 | D:10     | Killed a two-headed ogre
 10616 | D:10     | Noticed a two-headed ogre
 10623 | D:10     | Killed a two-headed ogre
 10708 | D:10     | Learned a level 5 spell: Fireball
 11047 | D:10     | Found a basalt altar of Yredelemnul.
 11434 | D:10     | Noticed a two-headed ogre
 11441 | D:10     | Killed a two-headed ogre
 11773 | D:9      | Killed Joseph
 11774 | D:9      | Reached skill level 1 in Shields
 12382 | Orc:1    | Entered Level 1 of the Orcish Mines
 12382 | Orc:1    | Noticed an orc high priest
 12382 | Orc:1    | Noticed an orc sorcerer
 12385 | Orc:1    | Noticed a sun demon
 12387 | Orc:1    | Reached skill level 5 in Dodging
 12388 | Orc:1    | Killed an orc sorcerer
 12388 | Orc:1    | Reached ***** piety under Vehumet
 12390 | Orc:1    | HP: 2/64 [sun demon[an orc high priest] (16)]
 12391 | Orc:1    | Offered knowledge of Freezing Cloud by Vehumet.
 12391 | Orc:1    | Killed an orc high priest
 12830 | Orc:1    | Found Wasies's General Store.
 12865 | Orc:1    | Found a transporter.
 12866 | Orc:1    | Noticed a moth of wrath
 12866 | Orc:1    | Noticed a moth of wrath
 13052 | Orc:2    | Entered Level 2 of the Orcish Mines
 13127 | Orc:2    | Noticed a cyclops
 13136 | Orc:2    | Killed a cyclops
 13178 | Orc:2    | Reached XP level 12. HP: 71/71 MP: 24/24
 13467 | Orc:2    | Reached skill level 10 in Conjurations
 13831 | Orc:2    | Noticed an orc warlord
 13857 | Orc:2    | Killed an orc warlord
 13862 | Orc:2    | Offered knowledge of Olgreb's Toxic Radiance by Vehumet.
 14243 | Orc:1    | Found a transporter.
 14243 | Orc:1    | Found a runed translucent door.
 14243 | Orc:1    | Found a bloodstained altar of Trog.
 14243 | Orc:1    | Noticed a stone giant
 14243 | Orc:1    | Found the necklace of Bloodlust {*Rage Will++ Int-3 Slay+6}
 14252 | Orc:1    | Noticed a deep elf annihilator
 14252 | Orc:1    | Noticed a deep elf annihilator
 14257 | Orc:1    | Noticed a deep elf annihilator
 14257 | Orc:1    | Noticed a two-headed ogre
 14258 | Orc:1    | Noticed a deep elf elementalist
 14262 | Orc:1    | Noticed a two-headed ogre
 14266 | Orc:1    | Annihilated by a two-headed ogre

Illustrated notes

Levels and vault maps discovered:
D:1:      grunt_arrival_lava_bath, layout_loops_ring,
          hellmonk_ecumenical_altar_leap_of_faith, minmay_pentomino_o2
D:2:      wad_pebble_path, layout_rooms
D:3:      layout_rooms, gammafunk_ghost_arena, corexii_hall_statues_t
D:4:      layout_cave_pools, zin_purify, minmay_temple_entry_mini_moons,
          serial_forest, infiniplex_forest_clump_diagonal,
          infiniplex_forest_lined_2, infiniplex_forest_clump_small,
          infiniplex_forest_lined_room_2, infiniplex_forest_clump_C,
          infiniplex_forest_lined_corner, infiniplex_forest_lined_2,
          infiniplex_forest_diagonal
D:5:      layout_loops_cross
D:6:      layout_rooms, st_stairs_4, amcnicky_mini_corridor_feature,
          grunt_decor_mini_mirrors
D:7:      layout_gridville, lemuel_round_altar
D:8:      layout_basic, grunt_temple_overflow_cloverleaf,
          gammafunk_ghost_necromancy, uniq_pikel
D:9:      layout_roguey, lemuel_coloured_pillars_altar, uniq_joseph
D:10:     layout_layer_cave, lemuel_doored_altar, david_orc_2,
          kennysheep_small_spiral, kennysheep_big_empty_room
Temple:   eino_temple_lava
Orc:1:    emtedronai_trogs_sanctum, layout_diamond_mine, basic_altar,
          serial_shops, shop_fountains
Orc:2:    st_orc_congregation, layout_caves, nicolae_orc_bridge_out,
          mines2_lemuel

Skill      XL: |  1  2  3  4  5  6  7  8  9 10 11 12 |
---------------+-------------------------------------+-----
Conjurations   | 2 3 4 5 7 8 9 10 | 10.3
Spellcasting   | 3 4 5 6 7 8 |  8.9
Fire Magic     | 4 5 7 8 9 |  9.9
Fighting       | 3 5 6 7 |  7.2
Armour         | 3 4 6 7 |  7.1
Dodging        | 2 4 5 |  5.8
Shields        | 3 4 |  4.3
Stealth        | |  2.1

Action                   |  1- 3 |  4- 6 |  7- 9 | 10-12 || total
-------------------------+-------+-------+-------+-------++-------
Melee: Staff             |    63 |    19 |     8 |       ||    90
 Cast: Foxfire           |    68 |   159 |   232 |   273 ||   732
       Scorch            |       |     3 |    45 |    29 ||    77
       Flame Wave        |       |       |     6 |    45 ||    51
  Use: Scroll            |       |       |       |     1 ||     1
Armor: Robe              |    32 |    20 |    27 |    32 ||   111
       Troll leather arm |       |       |       |     1 ||     1
Dodge: Dodged            |    49 |    36 |    48 |    55 ||   188
Block: Buckler           |       |       |       |     3 ||     3

Table legend: (Time is in decaauts)
 A = Elapsed time spent in this place.
 B = Non-inter-level travel time spent in this place.
 C = Inter-level travel time spent in this place.
 D = Time resting spent in this place.
 E = Time spent auto-exploring this place.
 F = Levels seen in this place.
 G = Mean time per level.
                   A        B        C        D        E       F      G
               +--------+--------+--------+--------+--------+-----+--------+
         Total |  14296 |  13796 |    500 |   1149 |  10557 |  13 | 1099.7 |
       Dungeon |  12404 |  11940 |    464 |    905 |   9418 |  10 | 1240.4 |
        Temple |    317 |    311 |      6 |    244 |      0 |   1 |  317.0 |
  Orcish Mines |   1574 |   1544 |     30 |      0 |   1139 |   2 |  787.0 |
               +--------+--------+--------+--------+--------+-----+--------+

Top non-repeatable levels by time:
    D:10: 1808 daAuts
     D:5: 1657 daAuts
     D:6: 1317 daAuts
     D:9: 1297 daAuts
     D:1: 1192 daAuts
     D:7: 1184 daAuts
     D:4: 1152 daAuts
     D:8: 1123 daAuts
   Orc:2: 1060 daAuts
     D:2: 928 daAuts
     D:3: 742 daAuts
   Orc:1: 514 daAuts
  Temple: 317 daAuts
